 Dungeon Crawl Stone Soup version 0.22.1-1-ga44c0e5 (webtiles) character file.

47 Folque the Bolt Thrower (level 3, -2/22 HPs)
             Began as a Kobold Hunter on Sept 24, 2018.
             Slain by a jackal (3 damage)
             ... on level 2 of the Dungeon.
             The game lasted 00:05:38 (1127 turns).

Folque the Bolt Thrower (Kobold Hunter)             Turns: 1127, Time: 00:05:39

Health: -2/22      AC:  3    Str:  9    XL:     3   Next: 97%
Magic:  3/3        EV: 14    Int: 12    God:
Gold:   109        SH:  0    Dex: 16    Spells: 2/2 levels left

rFire    . . .     SeeInvis .   e - +0 short sword
rCold    . . .     Gourm    .   (shield restricted)
rNeg     . . .     Faith    .   c - +0 leather armour
rPois    .         Spirit   .   (no helmet)
rElec    .         Reflect  .   (no cloak)
rCorr    .         Harm     .   (no gloves)
MR       .....                  (no boots)
Stlth    ++........             (no amulet)
HPRegen  0.07/turn              (no ring)
MPRegen  0.08/turn              (no ring)

@: no status effects
A: small, carnivore
a: no special abilities


You were on level 2 of the Dungeon.
You were completely stuffed.

You visited 1 branch of the dungeon, and saw 2 of its levels.

You collected 109 gold pieces.

Inventory:

Hand Weapons
 e - a +0 short sword (weapon)
 w - a +1 hand crossbow
Missiles
 d - 45 bolts
Armour
 c - a +0 leather armour (worn)
Scrolls
 b - 3 scrolls of magic mapping {unknown}
 h - 2 scrolls of teleportation {unknown}
 k - a scroll of amnesia {unknown}
 l - a scroll of immolation {unknown}
Potions
 a - a potion of degeneration {unknown}
 g - a potion of agility {unknown}
 j - a potion of might {unknown}
Comestibles
 f - 3 rations


   Skills:
 + Level 2.9 Fighting
 - Level 5.1 Crossbows
 - Level 2.4 Dodging
 * Level 3.7 Stealth


You had 2 spell levels left.
You didn't know any spells.
Your spell library contained the following spells:

 Spells                   Type           Power        Failure   Level  Hunger
 Confusing Touch          Hex            #.....       43%         1    ##.....
 Confuse                  Hex            #.......     80%         3    ####...
 Gell's Gravitas          Tloc           #.........   80%         3    ####...
 Petrify                  Tmut/Erth      #.......     99%         4    #####..
 Metabolic Englaciation   Hex/Ice        #.........   100%        5    ######.
 Yara's Violent Unravell  Hex/Tmut       #.........   100%        5    ######.


Dungeon Overview and Level Annotations

Branches:
Dungeon (2/15)

Altars:


Innate Abilities, Weirdness & Mutations

You are small and have problems with some larger weapons.
You are carnivorous and can eat meat at any time.


Message History

The jackal completely misses you.
You hit the jackal but do no damage.
The jackal is severely wounded.
The jackal completely misses you. The jackal closely misses you.
All of the chunks of flesh in your inventory have rotted away.
You hit the jackal but do no damage.
The jackal is severely wounded.
The jackal barely misses you.
You closely miss the jackal.
The jackal is severely wounded.
The jackal bites you.
* * * LOW HITPOINT WARNING * * *
The jackal barely misses you.
You closely miss the jackal.
The jackal is heavily wounded.
The jackal misses you.
You closely miss the jackal.
The jackal is heavily wounded.
The jackal bites you.
You die...

#.####............#
#.................#
#..##.############# #.#
#.# ##### ##.########
..[. # #.........# ...
#..#########.# ..
#....@h(..(#.########.
....########(#.....#....
. #....#####.#.#..
#h##..(.(.<(.#.. #
#...#######.w ###.# #..
#.# #.. #.#########
...........


You could see a jackal.

Vanquished Creatures
  A worm (D:2)
  2 dart slugs (D:1)
  4 giant cockroaches (D:1)
  6 goblins
  4 hobgoblins
  6 jackals
  4 bats (D:1)
  4 kobolds (D:1)
  5 rats
36 creatures vanquished.

Vanquished Creatures (others)
  A rat (D:1)
1 creature vanquished.

Grand Total: 37 creatures vanquished

Notes
Turn   | Place    | Note
-------+----------+-------------------------------------------
     0 | D:1      | Folque the Kobold Hunter began the quest for the Orb.
     0 | D:1      | Reached XP level 1. HP: 12/12 MP: 1/1
    72 | D:1      | Reached skill level 5 in Crossbows
    82 | D:1      | Reached XP level 2. HP: 12/18 MP: 2/2
   469 | D:1      | Reached XP level 3. HP: 21/22 MP: 3/3
  1125 | D:2      | HP: 1/22 [jackal (2)]
  1127 | D:2      | Slain by a jackal

Skill      XL: |  1  2  3 |
---------------+----------+-----
Crossbows      | 5 |  5.1
Stealth        | 2 3 |  3.7
Fighting       | |  2.9
Dodging        | |  2.4

Action                   || total
-------------------------++-------
Melee: Short sword       ||   144
 Fire: Hand crossbow     ||    19
 Stab: Sleeping          ||     2
  Eat: Chunk             ||     9
Armor: Leather armour    ||    61
Dodge: Dodged            ||   184
